 Dungeon Crawl Stone Soup version 0.30.1-4-g462c640d31 (webtiles) character file.

Game seed: 4629391118545732655

3824 Anriel the Slasher (level 10, -1/76 HPs)
             Began as a Human Gladiator on Aug 17, 2023.
             Was an Initiate of Gozag.
             Killed by the air
             ... invoked by Gastronok
              (23 damage)
             ... on level 8 of the Dungeon.
             The game lasted 00:35:56 (6834 turns).

Anriel the Slasher (Human Gladiator)                Turns: 6834, Time: 00:35:57

Health: -1/76      AC: 17    Str: 14    XL:     10   Next: 40%
Magic:  10/10      EV:  7    Int:  9    God:    Gozag
Gold:   610        SH:  0    Dex: 22    Spells: 9/9 levels left

rFire   . . .        a - +0 scimitar (heavy)
rCold   . . .        (no shield)
rNeg    + . .        D - +0 plate armour
rPois   +            c - +0 helmet
rElec   .            m - +0 cloak
rCorr   .            j - +0 pair of gloves
SInv    .            (no boots)
Will    .....        q - amulet of the Evening {Rampage rPois rN+ Regen+ Dex+3} Stlth
                     (no ring)
HPRegen 1.12/turn    (no ring)
MPRegen 0.12/turn

%: rampage
@: hasted, very quick
A: no striking features
a: Renounce Religion, Potion Petition, Call Merchant, Bribe Branch


You were on level 8 of the Dungeon.
You worshipped Gozag.
Gozag was pleased with you.
You visited 2 branches of the dungeon, and saw 9 of its levels.

You collected 762 gold pieces.
You paid 152 gold pieces to Gozag.

Inventory:

Hand Weapons
 a - a +0 heavy scimitar (weapon)
 k - the +2 spear of Tuomn {heavy, rC+ rN+ Int+2}
   (You found it on level 5 of the Dungeon)

   Int:       It affects your intelligence (+2).
   rC:        It protects you from cold.
   rN:        It protects you from negative energy.
 y - the +5 woodcutter's axe
   (You found it on level 5 of the Dungeon)
Missiles
 d - 3 throwing nets
 h - 8 boomerangs (quivered)
 n - a javelin
 t - 8 poisoned darts
Armour
 c - a +0 helmet (worn)
 j - a +0 pair of gloves (worn)
 m - a +0 cloak (worn)
 D - a +0 plate armour (worn)
Jewellery
 g - a ring of ice
 q - the amulet of the Evening (around neck) {Rampage rPois rN+ Regen+ Dex+3}
   (You acquired it on level 2 of the Dungeon)

   [amulet of regeneration]

   Dex:       It affects your dexterity (+3).
   rPois:     It protects you from poison.
   rN:        It protects you from negative energy.
   Regen:     It increases your rate of health regeneration.
   Rampage:   It bestows one free step when moving towards enemies.
Wands
 o - a wand of polymorph (15)
 z - a wand of roots (10)
Scrolls
 p - a scroll of magic mapping
 s - a scroll of teleportation
Potions
 e - 2 potions of mutation {unknown}
 f - 2 potions of brilliance
 i - a potion of might {unknown}
 r - 2 potions of curing {unknown}
 u - a potion of cancellation {unknown}
 v - a potion of ambrosia {unknown}
 w - a potion of experience {unknown}
 B - 2 potions of magic
 C - a potion of flight {unknown}


   Skills:
 + Level 5.7 Fighting
 * Level 7.5 Long Blades
 - Level 5.0 Throwing
 + Level 7.1 Armour
 + Level 5.7 Dodging
 - Level 5.5 Evocations


You had 9 spell levels left.
You didn't know any spells.
Your spell library contained the following spells:

 Spells                   Type           Power      Damage    Failure   Level
 Foxfire                  Conj/Fire      0%         2x1d4     100%        1
 Sting                    Tmut/Pois      0%         1d3       100%        1
 Ozocubu's Armour         Ice            0%         N/A       100%        3
 Fireball                 Conj/Fire      0%         3d3       100%        5
 Metabolic Englaciation   Hex/Ice        0%         N/A       100%        5
 Plasma Beam              Fire/Air       0%         2x1d11    100%        6
 Starburst                Conj/Fire      0%         6d3       100%        6
 Simulacrum               Ice/Necr       Unusable   N/A       N/A         6

Dungeon Overview and Level Annotations

Branches:
Dungeon (8/15)             Temple (1/1) D:6
   Lair: D:8-11

Altars:
Ashenzari
Cheibriados
Fedhas
Gozag
Hepliaklqana
Makhleb
Nemelex Xobeh
Qazlal
Ru
Sif Muna
Vehumet
Wu Jian
Xom
Yredelemnul
Zin

Annotations:
D:8 Gastronok


Message History

You hit Gastronok.
Gastronok is lightly wounded.
Gastronok bubbles merrily.
You hit Gastronok.
Gastronok is lightly wounded.
You slash Gastronok!
Gastronok is lightly wounded.
Gastronok's eyestalks quiver as he mumbles some strange words.
You hit Gastronok.
Gastronok is lightly wounded.
The bat hits you but does no damage. x3; Gastronok bites you!!
You slice Gastronok!!
Gastronok is moderately wounded.
The bat barely misses you. The bat closely misses you.
The quokka barely misses you. The bat hits you but does no damage.
Gastronok's eyestalks stretch out, then return to normal size.
You hit Gastronok but do no damage.
Gastronok is moderately wounded.
The bat hits you but does no damage. The bat barely misses you.
The quokka bites you. The bat hits you but does no damage.
The quokka bites you but does no damage.
Gastronok bites you!!
* * * LOW HITPOINT WARNING * * *
You feel much better. The bat closely misses you.
The bat hits you but does no damage.
The quokka bites you but does no damage.
You feel yourself speed up. The bat hits you but does no damage.
The quokka bites you but does no damage.
Gastronok bites you!!
* * * LOW HITPOINT WARNING * * *
The bat attacks as you move away! The bat hits you but does no damage.
The bat barely misses you. The bat attacks as you move away!
The bat hits you but does no damage. x2
The quokka bites you but does no damage.
The bat barely misses you. The bat attacks as you move away!
The bat closely misses you.
Gastronok waves his eye-stalks in wide circles.
The air twists around and strikes you!!
You die...
Your body crumbles into a pile of gold.

#....... ....'. #...... ....#
#....# .... ##....###'###
#.....##....## #...<(w.....># ?#
#.....$.r....# ..#
#########..####b.#### ..#
#......##..####@.########..##
#.................'.........F.
#....#............#............
#....#............#.........g$g.
#....#............#...........g.
#..###.##.)##.##.############
#..###.##..##.##'########.. #..
#..#....#.....#..>.'....'..g..g.
#..#....'.)...'<...#)...#.......


You could see Gastronok, a quokka (summoned) and a bat (summoned).

Vanquished Creatures
  Grinder (D:3)
  Sigmund (D:6)
  Grum (D:8)
  A water moccasin (D:7)
  4 orc warriors
  A sky beast (D:6)
  2 ice beasts (D:7)
  3 black bears
  2 ogres
  2 wolves (D:8)
  A centaur (D:8)
  5 bullfrogs
  3 scorpions
  8 wights (D:7)
  4 killer bees (D:8)
  2 howler monkeys
  2 jellies
  5 orc priests
  A gnoll bouda (D:7)
  A hound (D:4)
  Ijyb (D:4)
  2 iguanas (D:6)
  2 sleepcaps
  3 orc wizards
  4 gnolls (D:7)
  9 adders
  An ufetubus (D:6)
  3 worms
  2 dart slugs
  26 orcs
  9 bats
  7 endoplasms
  6 giant cockroaches
  9 goblins
  9 hobgoblins
  6 jackals
  7 quokkas
  9 ball pythons
  3 frilled lizards
  A jackal skeleton (D:4)
  5 kobolds
  6 rats
180 creatures vanquished.

Notes
Turn   | Place    | Note
-------+----------+-------------------------------------------
     0 | D:1      | Anriel the Human Gladiator began the quest for the Orb.
     0 | D:1      | Reached XP level 1. HP: 16/16 MP: 1/1
   191 | D:1      | Reached skill level 1 in Armour
   191 | D:1      | Reached XP level 2. HP: 22/22 MP: 2/2
   348 | D:1      | Reached XP level 3. HP: 28/28 MP: 3/3
  1043 | D:2      | Reached XP level 4. HP: 34/34 MP: 4/4
  1703 | D:2      | Identified a scroll of acquirement
  1703 | D:2      | Acquired the amulet of the Evening {Rampage rPois rN+
                  | Regen+ Dex+3}
  1767 | D:3      | Found a faded altar of an unknown god.
  1796 | D:3      | Got Plato's Lessons on Vitiation
  1821 | D:3      | Reached XP level 5. HP: 40/40 MP: 5/5
  2286 | D:3      | Found a blossoming altar of Fedhas.
  2556 | D:3      | Noticed Grinder
  2573 | D:3      | Killed Grinder
  2574 | D:3      | Reached XP level 6. HP: 44/47 MP: 6/6
  3114 | D:4      | Noticed Ijyb
  3129 | D:4      | Killed Ijyb
  3130 | D:4      | Reached XP level 7. HP: 53/53 MP: 7/7
  3408 | D:4      | Found a runed translucent door.
  3408 | D:4      | Noticed a human
  3421 | D:4      | Found a basalt altar of Yredelemnul.
  3908 | D:5      | Entered Level 5 of the Dungeon
  4188 | D:5      | Identified the +2 spear of Tuomn {heavy, rC+ rN+ Int+2}
  4265 | D:5      | Found the +5 woodcutter's axe
  4360 | D:5      | Reached XP level 8. HP: 60/60 MP: 8/8
  4931 | D:6      | Noticed Sigmund
  4935 | D:6      | Killed Sigmund
  4943 | D:6      | Found a staircase to the Ecumenical Temple.
  5025 | D:6      | Reached skill level 5 in Armour
  5110 | D:6      | Reached skill level 5 in Fighting
  5110 | D:6      | Reached skill level 5 in Long Blades
  5110 | D:6      | Reached skill level 5 in Throwing
  5110 | D:6      | Reached skill level 5 in Dodging
  5219 | D:6      | Reached skill level 1 in Evocations
  5219 | D:6      | Reached XP level 9. HP: 68/68 MP: 9/9
  5550 | D:7      | Found a broken altar of Ashenzari.
  5743 | Temple   | Entered the Ecumenical Temple
  5903 | Temple   | Became a worshipper of Gozag Ym Sagoz the Greedy
  5995 | D:7      | Reached skill level 5 in Evocations
  6094 | D:7      | Reached XP level 10. HP: 61/74 MP: 10/10
  6537 | D:8      | Noticed Grum
  6579 | D:8      | Noticed Gastronok
  6787 | D:8      | Killed Grum
  6834 | D:8      | Killed from afar by Gastronok

Illustrated notes

Levels and vault maps discovered:
D:1:      psy_arrival_radial01, layout_basic, patterned_corridor
D:2:      minmay_razor_zed, layout_basic
D:3:      layout_loops_cross, general_overflow_altar, serial_co_window_serial,
          co_window_corner_a, co_window_corner_a, co_window_paths_b,
          co_window_of_opportunity_a, co_window_paths_a,
          co_window_of_opportunity_c, co_window_broadway_c,
          co_window_of_opportunity_b, co_window_broadway_b,
          co_window_of_opportunity_c, co_window_of_opportunity_c,
          co_window_broadway_c, co_window_paths_e, co_window_4corner_b,
          glass_columns_a, glass_columns_c, glass_columns_b, glass_columns_a,
          glass_columns_a, shapermc_ecumenical_altar_rom_forum, uniq_grinder
D:4:      layout_basic, dk_yredelemnul_ordeal, uniq_ijyb
D:5:      layout_basic, minmay_misc_feat_nine_boxes
D:6:      layout_basic, minmay_temple_entry_from_below_a, uniq_sigmund
D:7:      layout_loops_ring, lemuel_doored_altar
D:8:      layout_gridville, uniq_pikel, uniq_grum, uniq_gastronok
Temple:   hellmonk_temple_flake

Skill      XL: |  1  2  3  4  5  6  7  8  9 10 |
---------------+-------------------------------+-----
Armour         | 1 2 3 4 5 6 7 |  7.1
Fighting       | 3 4 5 |  5.7
Throwing       | 3 4 5 |  5.0
Long Blades    | 4 5 6 7 |  7.5
Dodging        | 4 5 |  5.7
Evocations     | 1 5 |  5.5

Action                     |  1- 3 |  4- 6 |  7- 9 | 10-12 || total
---------------------------+-------+-------+-------+-------++-------
  Melee: Long sword        |    87 |   153 |    65 |       ||   305
         Punch             |     2 |     3 |       |       ||     5
         Battleaxe         |       |       |   160 |    42 ||   202
         Scimitar          |       |       |       |    14 ||    14
  Throw: Javelin           |    15 |     1 |       |       ||    16
         Dart              |       |    11 |       |       ||    11
         Boomerang         |       |    14 |    71 |    18 ||   103
         Throwing net      |       |     1 |       |       ||     1
    Use: Scroll            |     1 |     5 |     5 |     6 ||    17
         Potion            |       |       |       |     4 ||     4
   Stab: Sleeping          |     1 |       |       |       ||     1
         Distracted        |       |     1 |     1 |       ||     2
 Armour: Leather armour    |    14 |       |       |       ||    14
         Ring mail         |    14 |    40 |       |       ||    54
         Chain mail        |       |    28 |    87 |       ||   115
         Skin              |       |     9 |       |       ||     9
         Plate armour      |       |       |    52 |    92 ||   144
  Dodge: Dodged            |    64 |   104 |    86 |    39 ||   293
